 Dungeon Crawl Stone Soup version 0.30-a0-953-g5f1da4a474 (webtiles) character file.

Game seed: 10374618890745564667

54 xian the Sneak (level 3, 0/36 HPs)
             Began as a Troll Delver on Mar 28, 2023.
             Slain by an orc
             ... wielding a +0 flail
              (4 damage)
             ... on level 5 of the Dungeon.
             The game lasted 00:00:33 (65 turns).

xian the Sneak (Troll Delver)                         Turns: 65, Time: 00:00:34

Health: 0/36       AC:  4    Str: 22    XL:     3   Next: 66%
Magic:  2/2        EV: 10    Int:  6    God:
Gold:   0          SH:  0    Dex: 11    Spells: 2/2 levels left

rFire   . . .      SeeInvis .    a - +0 mace
rCold   . . .      Faith    .    (no shield)
rNeg    . . .      Spirit   .    b - +0 robe
rPois   .          Reflect  .    (helmet restricted)
rElec   .          Rampage  .    (no cloak)
rCorr   .                        (gloves unavailable)
Will    .....                    (boots unavailable)
Stlth   ++                       (no amulet)
HPRegen 1.06/turn                (no ring)
MPRegen 0.08/turn                (no ring)

@: no status effects
A: large, unfitting armour, claws 3, regeneration 1, shaggy fur 1, tough skin 1
a: no special abilities


You were on level 5 of the Dungeon.
You visited 1 branch of the dungeon, and saw 1 of its levels.

Inventory:

Hand Weapons
 a - a +0 mace (weapon)
Missiles
 h - 4 stones (quivered)
Armour
 b - a +0 robe (worn)
Wands
 d - a wand of roots (9)
 g - a wand of digging (3)
Scrolls
 c - a scroll of fog
 e - a scroll of fear
Potions
 f - a potion of haste


   Skills:
 + Level 2.6 Fighting
 + Level 1.9 Maces & Flails
 + Level 1.8 Dodging
 + Level 3.3 Stealth


You had 2 spell levels left.
You didn't know any spells.
Your spell library was empty.

Dungeon Overview and Level Annotations

Branches:
Dungeon (5/15)             Temple (0/1) D:5

Altars:


Innate Abilities, Weirdness & Mutations

You are too large for most types of armour.
You have claws for hands.
Your natural rate of healing is unusually fast.
You are covered in fur. (AC +1)
You have tough skin. (AC +1)


Message History

An orc comes into view. It is wielding a +0 flail.
The orc wizard barely misses you.
The orc shouts!
You hit the orc wizard.
The orc wizard is moderately wounded.
The orc hits you with a +0 hand axe.
The orc wizard hits you with a +0 dagger. x2
You hit the orc wizard but do no damage.
The orc wizard is moderately wounded.
The orc hits you with a +0 hand axe.
The orc wizard hits you with a +0 dagger.
The orc barely misses you.
You hit the orc wizard.
The orc wizard is heavily wounded.
The orc barely misses you. The orc hits you with a +0 flail.
The orc wizard hits you with a +0 dagger.
Unknown command.
You hit the orc wizard.
The orc wizard is severely wounded.
The orc closely misses you.
The orc wizard gestures at you while chanting.
You resist with significant effort. The orc hits you with a +0 flail.
* * * LOW HITPOINT WARNING * * *
The orc wizard hits you but does no damage.
The orc misses you. The orc barely misses you.
You hit the orc wizard.
You kill the orc wizard!
The orc hits you but does no damage. The orc hits you with a +0 flail.
* * * LOW HITPOINT WARNING * * *
You hit the orc.
The orc is heavily wounded.
The orc closely misses you. The orc hits you but does no damage.
The orc barely misses you.
Unknown command.
You barely miss the orc.
The orc is heavily wounded.
The orc hits you with a +0 hand axe.
* * * LOW HITPOINT WARNING * * *
The orc hits you with a +0 flail.
You die...

*****..,.,,,*
*,,,,...#**,*
*,*##.#.***,* *
*,*#o..,,,#.****** *
#,*#.o#,#...,,,,,******
#.##..#...#.****,,,,,,,
#...........* *,.,,,,,
####.#######* *.#,*,,,
##[.o@...######.#,*,,*
#...oo##........#,,,,*
#...#.##........#,#*,*
#.....##........#.#*,*
#.....##...........<,*
#..............##.****
###.#####..[...#,,,,,,
#.# #......#,>,,,, #.#
########,,,,,,


You could see 3 orcs.

Vanquished Creatures
  A jelly (D:5)
  An orc wizard (D:5)
2 creatures vanquished.

Notes
Turn   | Place    | Note
-------+----------+-------------------------------------------
     0 | D:5      | xian the Troll Delver began the quest for the Orb.
     0 | D:5      | Reached XP level 1. HP: 22/22 MP: 0/0
     5 | D:5      | Noticed a jelly
    14 | D:5      | Killed a jelly
    15 | D:5      | Reached skill level 3 in Stealth
    15 | D:5      | Reached XP level 2. HP: 15/29 MP: 1/1
    15 | D:5      | Reached XP level 3. HP: 19/36 MP: 2/2
    65 | D:5      | Slain by an orc

Illustrated notes

Levels and vault maps discovered:
D:5:      layout_loops_cross, minmay_temple_entry_gardened_gates,
          portal_sewer_entry_d, minmay_mini_ossuary

Skill      XL: |  1 |
---------------+----+-----
Stealth        | 3 |  3.3
Fighting       | |  2.6
Maces & Flails | |  1.9
Dodging        | |  1.8

Action                     || total
---------------------------++-------
  Melee: Mace              ||    13
    Use: Scroll            ||     1
 Armour: Robe              ||     5
  Dodge: Dodged            ||    11

Table legend: (Time is in decaauts)
 A = Elapsed time spent in this place.
 B = Non-inter-level travel time spent in this place.
 C = Inter-level travel time spent in this place.
 D = Time resting spent in this place.
 E = Time spent auto-exploring this place.
 F = Levels seen in this place.
 G = Mean time per level.
                   A        B        C        D        E       F      G
               +--------+--------+--------+--------+--------+-----+--------+
         Total |     68 |     68 |      0 |      0 |      0 |   1 |   68.0 |
       Dungeon |     68 |     68 |      0 |      0 |      0 |   1 |   68.0 |
               +--------+--------+--------+--------+--------+-----+--------+

Top non-repeatable levels by time:
     D:5: 68 daAuts
